 Dungeon Crawl Stone Soup version 0.29-a0-284-gf9362112df (webtiles) character file.

Game seed: 751665736841466384

415 Zonian the Chiller (level 6, 0/41 HPs)
             Began as a Demonspawn Ice Elementalist on Mar 29, 2022.
             Was a Priest of Lugonu.
             Slain by a phantom (4 damage)
             ... on level 5 of the Dungeon.
             The game lasted 00:12:11 (7916 turns).

Zonian the Chiller (Demonspawn Ice Elementalist)    Turns: 7916, Time: 00:12:11

Health: 0/41       AC:  3    Str: 10    XL:     6   Next: 60%
Magic:  10/11      EV: 13    Int: 19    God:    Lugonu [***...]
Gold:   232        SH:  0    Dex: 13    Spells: 5/12 levels left

rFire   . . .      SeeInvis .   d - +1 dagger
rCold   . . .      Faith    .   (no shield)
rNeg    . . .      Spirit   .   a - +1 robe
rPois   .          Reflect  .   (helmet restricted)
rElec   .          Harm     .   (no cloak)
rCorr   .          Rampage  .   (no gloves)
Will    +....                   (no boots)
Stlth   ++........              c - amulet of the acrobat
HPRegen 0.13/turn               (no ring)
MPRegen 0.12/turn               (no ring)

@: no status effects
A: antennae 1, foul stench 1, strong-willed 1, strong 1
a: Renounce Religion, Depart the Abyss, Bend Space, Banish


You were on level 5 of the Dungeon.
You worshipped Lugonu.
Lugonu was most pleased with you.
You visited 1 branch of the dungeon, and saw 5 of its levels.

You collected 232 gold pieces.

Inventory:

Hand Weapons
 d - a +1 dagger (weapon)
 e - a +0 short sword
 m - a +0 hand crossbow
Armour
 a - a +1 robe (worn)
Jewellery
 c - an amulet of the acrobat (around neck)
 l - a ring of see invisible
Wands
 g - a wand of flame (22)
Scrolls
 f - a scroll of magic mapping
 h - 3 scrolls of teleportation
Potions
 b - 2 potions of magic
 i - a potion of attraction
 j - a potion of cancellation
 k - 3 potions of brilliance


   Skills:
 + Level 3.3 Dodging
 + Level 3.5 Stealth
 + Level 3.5 Spellcasting
 + Level 4.6 Ice Magic
 + Level 2.8 Invocations


You had 5 spell levels left.
You knew the following spells:

 Your Spells              Type           Power      Damage    Failure   Level
a - Freeze                Ice            80%        1d9       2%          1
b - Frozen Ramparts       Ice            40%        1d6       7%          3
c - Ozocubu's Armour      Ice            20%        N/A       7%          3

Your spell library contained the following spells:

 Spells                   Type           Power      Damage    Failure   Level
 Ensorcelled Hibernation  Hex/Ice        24%        N/A       9%          2
 Foxfire                  Conj/Fire      12%        2x1d4     14%         1
 Conjure Flame            Conj/Fire      3%         6-21      41%         3
 Dazzling Flash           Conj/Hex       6%         N/A       41%         3
 Inner Flame              Hex/Fire       3%         N/A       41%         3
 Spider Form              Tmut/Pois      3%         N/A       41%         3
 Hailstorm                Conj/Ice       12%        3d5       50%         4
 Airstrike                Air            1%         N/A       82%         4
 Anguish                  Hex/Necr       1%         N/A       82%         4
 Flame Wave               Conj/Fire      3%         2d4       82%         4
 Iskenderun's Mystic Bla  Conj/Tloc      3%         2d3       82%         4
 Summon Lightning Spire   Summ/Air       3%         N/A       82%         4
 Agony                    Necr           3%         N/A       99%         5
 Lightning Bolt           Conj/Air       1%         1d12      99%         5
 Silence                  Hex/Air        1%         N/A       99%         5
 Starburst                Conj/Fire      1%         6d3       100%        6


Dungeon Overview and Level Annotations

Branches:
Dungeon (5/15)             Temple (0/1) D:5

Altars:
Hepliaklqana
Lugonu


Innate Abilities, Weirdness & Mutations

You have a pair of small antennae on your head.
You may rarely emit foul miasma when damaged in melee.
You are strong-willed. (Will+)
Your muscles are strong. (Str +2)


Message History

The puff of flame hits the phantom.
The phantom is almost destroyed.
The phantom hits you.
* * * LOW HITPOINT WARNING * * *
The phantom blinks!
You blink.
You hit the phantom but do no damage.
The phantom is almost destroyed.
The phantom hits you but does no damage.
You hit the phantom but do no damage.
The phantom is almost destroyed.
The phantom barely misses you.
You hit the phantom but do no damage.
The phantom is almost destroyed.
The phantom hits you.
* * * LOW HITPOINT WARNING * * *
You hit the phantom but do no damage.
The phantom is almost destroyed.
The phantom closely misses you.
Aiming: Throw Flame
Press: ? - help, Shift-Dir - straight line, f/p - phantom
Aim: a phantom (almost destroyed, 56% to hit)
The puff of flame hits the phantom.
The phantom is almost destroyed.
The phantom hits you.
* * * LOW HITPOINT WARNING * * *
The phantom blinks!
You blink.
Unknown command.
You closely miss the phantom.
The phantom is almost destroyed.
The phantom hits you.
* * * LOW HITPOINT WARNING * * *
You hit the phantom but do no damage.
You punch the phantom, but do no damage.
The phantom is almost destroyed.
The phantom hits you but does no damage.
Okay, then.
You hit the phantom but do no damage.
The phantom is almost destroyed.
The phantom hits you.
You die...

≈≈≈≈.## ..#
.....# ##.#
≈≈≈≈.####..#
≈≈≈...##..#
≈.........#
####
......##..#
#..##
......###.##
#...##
......# ##.##
#.W..##
#######
##.###.@...##
#..#.......#
##.#.......#
##........##
##........#
#........#
##....<)..##
#......)...#
#..........#


You could see a phantom.

Vanquished Creatures
  A scorpion (D:4)
  2 iguanas (D:4)
  5 orc wizards
  3 adders
  A white imp (D:5)
  An ufetubus (D:4)
  A worm (D:4)
  4 dart slugs
  20 orcs
  9 bats
  5 endoplasms
  5 giant cockroaches
  8 goblins
  9 hobgoblins
  6 jackals
  5 kobolds
  6 quokkas
  10 ball pythons
  A frilled lizard (D:1)
  3 rats
105 creatures vanquished.

Notes
Turn   | Place    | Note
-------+----------+-------------------------------------------
     0 | D:1      | Zonian the Demonspawn Ice Elementalist began the quest for
                  | the Orb.
     0 | D:1      | Reached XP level 1. HP: 13/13 MP: 3/3
   249 | D:1      | Gained mutation: You have a pair of small antennae on your
                  | head. [demonic ancestry]
   249 | D:1      | Reached XP level 2. HP: 19/19 MP: 5/5
  1628 | D:1      | Reached XP level 3. HP: 24/24 MP: 4/6
  1632 | D:1      | Learned a level 3 spell: Frozen Ramparts
  2125 | D:2      | Found a faded altar of an unknown god.
  2125 | D:2      | Noticed a great orb of eyes
  2125 | D:2      | Noticed an eye of devastation
  2125 | D:2      | Noticed a great orb of eyes
  2125 | D:2      | Noticed an eye of devastation
  2408 | D:2      | Prayed at the altar of an unknown god.
  2408 | D:2      | Became a worshipper of Lugonu the Unformed
  2408 | D:2      | Reached * piety under Lugonu
  2408 | D:2      | Reached ** piety under Lugonu
  3575 | D:2      | Reached skill level 4 in Ice Magic
  3670 | D:3      | Reached XP level 4. HP: 25/30 MP: 7/7
  3847 | D:3      | Learned a level 3 spell: Ozocubu's Armour
  3979 | D:3      | Reached *** piety under Lugonu
  4048 | D:3      | Reached skill level 1 in Invocations
  4604 | D:3      | Reached XP level 5. HP: 2/35 MP: 6/9
  6557 | D:4      | Gained mutation: You may rarely emit foul miasma when
                  | damaged in melee. [demonic ancestry]
  6557 | D:4      | Reached XP level 6. HP: 27/41 MP: 7/10
  6697 | D:4      | Found a hazy altar of Hepliaklqana.
  7382 | D:5      | Entered Level 5 of the Dungeon
  7383 | D:5      | Noticed an ice beast
  7550 | D:5      | Noticed an ice beast
  7592 | D:5      | Gained mutation: Your muscles are strong. (Str +2) [potion
                  | of mutation]
  7592 | D:5      | Gained mutation: You are strong-willed. (Will+) [potion of
                  | mutation]
  7775 | D:5      | Found a staircase to the Ecumenical Temple.
  7916 | D:5      | Slain by a phantom

Illustrated notes

Levels and vault maps discovered:
D:1:      ebering_hopf_link, layout_basic
D:2:      layout_rooms, hellmonk_ecumenical_altar_watching_god
D:3:      layout_rooms, roderic_roman_lattice
D:4:      layout_rooms, worldfamousw_hep_ancestral_shrine, minmay_pentangle
D:5:      due_chaos_kobolds, layout_cave_pods, nicolae_wu_jian_glorious_leap,
          chequers_temple_overflow_statue_of_worship, temple_pool_b

Skill      XL: |  1  2  3  4  5 |
---------------+----------------+-----
Dodging        | 2 3 |  3.3
Stealth        | 2 3 |  3.5
Ice Magic      | 4 |  4.6
Invocations    | 1 2 |  2.8
Spellcasting   | 3 |  3.5

Action                   |  1- 3 |  4- 6 || total
-------------------------+-------+-------++-------
Melee: Dagger            |   121 |   106 ||   227
       Unarmed           |     4 |       ||     4
       Punch             |       |     1 ||     1
 Cast: Freeze            |    41 |    94 ||   135
       Frozen Ramparts   |       |     1 ||     1
Invok: Bend Space        |       |     1 ||     1
Evoke: Wand              |       |     5 ||     5
  Use: Potion            |       |     4 ||     4
       Scroll            |       |    10 ||    10
 Stab: Sleeping          |     2 |     3 ||     5
       Distracted        |     1 |       ||     1
Armor: Robe              |    45 |    37 ||    82
Dodge: Dodged            |   137 |   121 ||   258

Table legend: (Time is in decaauts)
 A = Elapsed time spent in this place.
 B = Non-inter-level travel time spent in this place.
 C = Inter-level travel time spent in this place.
 D = Time resting spent in this place.
 E = Time spent auto-exploring this place.
 F = Levels seen in this place.
 G = Mean time per level.
                   A        B        C        D        E       F      G
               +--------+--------+--------+--------+--------+-----+--------+
         Total |   7902 |   7735 |    167 |   3778 |   2867 |   5 | 1580.4 |
       Dungeon |   7902 |   7735 |    167 |   3778 |   2867 |   5 | 1580.4 |
               +--------+--------+--------+--------+--------+-----+--------+

Top non-repeatable levels by time:
     D:2: 2221 daAuts
     D:3: 1944 daAuts
     D:1: 1919 daAuts
     D:4: 1411 daAuts
     D:5: 405 daAuts
